 Dungeon Crawl Stone Soup version 0.19.4-8-ga85b6b9 (webtiles) character file.

191 Mefis the Magician (level 5, -5/28 HPs)
             Began as a Deep Elf Wizard on Feb 5, 2017.
             Killed by divine providence
             ... invoked by an orc priest
              (13 damage)
             ... on level 3 of the Dungeon on Feb 7, 2017.
             The game lasted 00:09:11 (4859 turns).

Mefis the Magician (Deep Elf Wizard)                Turns: 4859, Time: 00:09:11

Health: -5/28      AC:  2    Str:  4    XL:     5   Next: 42%
Magic:  1/15       EV: 13    Int: 24    God:
Gold:   115        SH:  0    Dex: 13    Spells: 7 memorised, 1 level left

rFire  . . .     SeeInvis .     j - -1 short sword (curse)
rCold  . . .     Gourm    .     a - +0 robe
rNeg   . . .     Faith    .     (no shield)
rPois  .         Spirit   .     b - +0 hat
rElec  .         Reflect  .     (no cloak)
rCorr  .         Harm     .     (no gloves)
MR     +....                    (no boots)
Stlth  ++........               (no amulet)
                                (no ring)
                                m - ring of protection from magic

@: repel missiles
A: no striking features
a: no special abilities


You were on level 3 of the Dungeon.
You were hungry.

You visited 1 branch of the dungeon, and saw 4 of its levels.

You collected 115 gold pieces.

Inventory:

Hand Weapons
 g - a +0 club
 j - a cursed -1 short sword (weapon)
Missiles
 f - 20 sling bullets
 t - 6 needles of sleeping
Armour
 a - a +0 robe (worn)
 b - a +0 hat (worn)
Jewellery
 m - a ring of protection from magic (left hand)
Wands
 u - a wand of teleportation (4/9)
Scrolls
 h - 3 scrolls of teleportation
 i - 2 scrolls of amnesia
 l - a scroll of recharging {unknown}
 n - a scroll of immolation {unknown}
 o - 2 scrolls of blinking {unknown}
 w - a scroll of identify {unknown}
 y - a scroll of noise {unknown}
Potions
 e - a potion of cancellation {unknown}
 p - a potion of curing {unknown}
 r - a potion of beneficial mutation {unknown}
 v - a potion of lignification {unknown}
 x - a potion of mutation {unknown}
 z - a potion of heal wounds {unknown}
 A - a potion of degeneration {unknown}
Books
 c - a book of Minor Magic

   Spells                             Type                      Level
   a - Magic Dart                     Conjuration                  1
   b - Blink                          Translocation                2
   c - Call Imp                       Summoning                    2
   d - Repel Missiles                 Charms/Air                   2
   e - Slow                           Hexes                        2
   f - Conjure Flame                  Conjuration/Fire             3
   g - Mephitic Cloud                 Conjuration/Poison/Air       3
Comestibles
 d - 4 bread rations
 k - a beef jerky
 q - a meat ration
 s - a slice of pizza


   Skills:
 + Level 3.6 Dodging
 - Level 3.4 Stealth
 * Level 6.0 Spellcasting
 + Level 2.1 Conjurations
 + Level 0.6 Hexes
 - Level 1.1 Summonings
 - Level 1.1 Translocations
 + Level 1.3 Air Magic
 - Level 1.3 Poison Magic
 + Level 0.7 Evocations


You had one spell level left.
You knew the following spells:

 Your Spells              Type           Power        Failure   Level  Hunger
a - Magic Dart            Conj           ###.         3%          1    None
b - Call Imp              Summ           ##......     10%         2    None
c - Blink                 Tloc           N/A          10%         2    None
d - Repel Missiles        Chrm/Air       ##....       12%         2    None
e - Mephitic Cloud        Conj/Pois/Air  ##......     14%         3    #......
f - Conjure Flame         Conj/Fire      ##......     17%         3    #......
g - Slow                  Hex            ##......     12%         2    None


Dungeon Overview and Level Annotations

Branches:
Dungeon (4/15)
 Temple: D:4-7

Altars:
Ashenzari
Kikubaaqudgha
Trog
Xom

Annotations:
D:3 Atlantean's ghost, amateur DsFi


Message History

Press: ? - help, Shift-Dir - straight line, f/p - orc priest
Aim: an orc priest, wielding a falchion of protection and wearing a ring mail (severely wounded)
The magic dart hits the orc priest.
The orc priest is almost dead.
The orc priest closely misses you.
You hit the orc priest but do no damage.
The orc priest is almost dead.
The orc priest looks encouraged for a moment.
You closely miss the orc priest.
The orc priest is almost dead.
The orc priest completely misses you.
You hit the orc priest but do no damage.
The orc priest is almost dead.
The orc priest hits you with a falchion of protection!
* * * LOW HITPOINT WARNING * * *
You closely miss the orc priest.
The orc priest is almost dead.
The orc priest mumbles some strange prayers to Beogh against you.
Beogh smites you!
You die...

#............######
#.########........##
#####.########.#.......#
............##.######.##
..###.#####.##.# ##.## ###
#.#####.##.#####...##### ..#
#...##.....##..........######
8.####...#..#.....>.............#
†.#.............@.#.....#..####.#
(<####...#..#..o####...##..####.#
..#####.##..##.## ##.###.......#
8.#..[.........# #..# ##.###..#
..###......##..# #.## ##.###..#
###.#.#.#####..# #.# ##...##..#
.##.#.#.##.....# ##.###..#..#..#
###.#.#.##.##..####......###....#
###...........#......###..#.)##.#


You could see an orc priest.

Vanquished Creatures
  An orc wizard (D:4)
  A worker ant (D:4)
  5 adders
  A worm (D:2)
  2 dart slugs (D:2)
  4 leopard geckos
  2 orcs
  3 ball pythons
  5 giant cockroaches
  6 goblins
  9 hobgoblins
  7 jackals
  7 bats
  7 frilled lizards
  8 kobolds
  A leopard gecko zombie (D:3)
  11 rats
80 creatures vanquished.

Vanquished Creatures (collateral kills)
  A worm (D:2)
  2 jackals (D:2)
  2 rats (D:2)
5 creatures vanquished.

Grand Total: 85 creatures vanquished

Notes
Turn   | Place    | Note
-------+----------+-------------------------------------------
     0 | D:1      | Mefis the Deep Elf Wizard began the quest for the Orb.
     0 | D:1      | Reached XP level 1. HP: 10/10 MP: 7/7
   336 | D:1      | Reached XP level 2. HP: 15/15 MP: 6/9
   340 | D:1      | Learned a level 2 spell: Call Imp
   343 | D:1      | Learned a level 2 spell: Blink
   346 | D:1      | Learned a level 2 spell: Repel Missiles
   598 | D:1      | Upgraded the game from 0.19.4 to 0.19.4-8-ga85b6b9
   937 | D:2      | Reached skill level 5 in Spellcasting
   937 | D:2      | Reached XP level 3. HP: 19/19 MP: 3/11
   943 | D:2      | Learned a level 3 spell: Mephitic Cloud
  1708 | D:2      | Found an ancient bone altar of Kikubaaqudgha.
  1709 | D:2      | Found a shattered altar of Ashenzari.
  1749 | D:2      | Found a faded altar of an unknown god.
  1749 | D:2      | Found a shimmering altar of Xom.
  1754 | D:2      | Found a faded altar of an unknown god.
  1757 | D:2      | Found a faded altar of an unknown god.
  1758 | D:2      | Found a faded altar of an unknown god.
  1806 | D:2      | Noticed a moth of wrath
  1856 | D:2      | Found a bloodstained altar of Trog.
  1986 | D:2      | Reached XP level 4. HP: 24/24 MP: 8/13
  2011 | D:2      | Learned a level 3 spell: Conjure Flame
  2648 | D:3      | Noticed Atlantean's ghost (amateur DsFi)
  2870 | D:3      | Reached skill level 1 in Poison Magic
  3643 | D:2      | Reached skill level 1 in Air Magic
  4527 | D:3      | Reached XP level 5. HP: 28/28 MP: 13/15
  4531 | D:3      | Learned a level 2 spell: Slow
  4659 | D:4      | Reached skill level 6 in Spellcasting
  4859 | D:3      | Killed from afar by an orc priest

Skill      XL: |  1  2  3  4  5 |
---------------+----------------+-----
Stealth        | 3 |  3.4
Spellcasting   | 5 6 |  6.0
Dodging        | 3 |  3.6
Poison Magic   | 1 |  1.3
Air Magic      | 1 |  1.3
Conjurations   | 2 |  2.1
Hexes          | |  0.6
Summonings     | |  1.1
Translocations | |  1.1
Evocations     | |  0.7

Action                   |  1- 3 |  4- 6 || total
-------------------------+-------+-------++-------
Melee: Short sword       |     6 |    14 ||    20
 Cast: Magic Dart        |    96 |   125 ||   221
       Repel Missiles    |     1 |     1 ||     2
       Call Imp          |     7 |       ||     7
       Mephitic Cloud    |     1 |     1 ||     2
       Blink             |       |     1 ||     1
  Use: Scroll            |       |     2 ||     2
 Stab: Sleeping          |       |     1 ||     1
  Eat: Chunk             |     3 |     3 ||     6
       Meat ration       |       |     1 ||     1
Armor: Robe              |     1 |     7 ||     8
Dodge: Dodged            |    13 |    24 ||    37
       Deflected         |     1 |     1 ||     2
